Map: Ley Lines

Players

SupernovaFan - Winner!

  • Race: Terran Terran
  • League: Master
  • Spawn Location: 1:00

sebesdes

  • Race: Protoss Protoss
  • League: Master
  • Spawn Location: 7:00

VOD

Have the link to the VOD?

Description

compare to https://lotv.spawningtool.com/86586/

Time

  • Played on: April 3, 2025, 4:07 p.m.
  • Length: 9:28
Show
View Real Time Build Order
Export as new Build Order

SupernovaFan Terran - Winner!

Build Orders: Cyclone Opening, Gas First Reaper Expand 

Get SALT Encoding   

  12  0:00  SCV  
  13  0:12  SCV  
  14  0:17  Supply Depot  
  14  0:24  SCV  
  15  0:28  Refinery  
  15  0:40  SCV  
  16  0:45  Barracks  
  16  0:52  SCV  
  17  1:04  SCV  
  18  1:17  SCV  
  19  1:32  Orbital Command, Reaper  
  20  1:43  Command Center  
  20  1:58  Factory  
  20  1:59  SCV  
  21  2:05  Barracks Tech Lab  
  21  2:09  Supply Depot  
  21  2:11  SCV  
  22  2:17  Refinery  
  22  2:23  SCV  
  23  2:35  SCV  
  24  2:43  Armory  
  24  2:48  Cyclone, SCV  
  28  2:57  Orbital Command  
  28  3:00  SCV  
  29  3:08  Starport  
  29  3:12  SCV  
  30  3:15  Barracks Reactor  
  30  3:18  Orbital Command  
  30  3:25  SCV  
  33  3:29  Drilling Claws  
  33  3:34  Widow Mine  
  33  3:37  SCV  
  34  3:43  SCV  
  35  3:49  SCV  
  35  3:52  Marine x2  
  35  3:55  Medivac  
  40  3:58  SCV  
  40  4:02  Widow Mine  
  42  4:03  SCV  
  42  4:07  Bunker  
  42  4:08  Supply Depot  
  43  4:10  Marine x2, SCV  
  46  4:17  Barracks  
  46  4:29  Marine, SCV x2  
  51  4:31  Supply Depot  
  51  4:32  Barracks  
  51  4:37  Starport Tech Lab  
  51  4:40  Siege Tank  
  51  4:41  SCV x2  
  51  4:44  Supply Depot  
  54  4:49  Engineering Bay  
  54  4:51  Refinery  
  54  4:53  Marine x2  
  54  4:54  Supply Depot, SCV  
  54  4:57  Raven  
  54  4:59  SCV  
  60  5:06  SCV  
  61  5:07  Bunker  
  61  5:09  Marine  
  61  5:11  Marine x2, SCV  
  62  5:16  Siege Tank  
  62  5:19  SCV  
  66  5:23  SCV  
  68  5:29  Marine x2  
  68  5:31  SCV  
  71  5:35  SCV  
  70  5:43  Refinery, Supply Depot, SCV  
  70  5:44  Stimpack  
  70  5:45  Marauder  
  70  5:47  Marine, Starport Reactor, SCV  
  75  5:55  Marine  
  76  5:57  SCV  
  76  6:00  Terran Infantry Weapons Level 1  
  76  6:02  Marine  
  75  6:04  Factory Reactor  
  75  6:05  Marine  
  75  6:06  Marauder, Supply Depot  
  77  6:13  Marine  
  77  6:14  SCV x2  
  77  6:18  Combat Shield  
  77  6:20  Marine  
  77  6:23  Marine  
  79  6:27  Marine  
  77  6:34  Medivac  
  77  6:38  Marauder  
  75  6:41  Marine x2  
  75  6:42  Medivac  
  75  6:45  Marine  
  81  6:47  Widow Mine  
  81  6:48  Widow Mine  
  81  6:58  Marine  
  81  6:59  Marine x2  
  81  7:00  SCV  
  80  7:03  Marine  
  80  7:08  Widow Mine  
  80  7:09  Widow Mine  
  80  7:14  SCV  
  79  7:16  Marine x2  
  79  7:18  Marauder  
  79  7:21  Marauder, Medivac  
  84  7:23  SCV  
  84  7:27  Supply Depot  
  84  7:28  Concussive Shells  
  84  7:29  Command Center, Widow Mine  
  87  7:34  Supply Depot, Marine, Medivac  
  87  7:35  Marine  
  92  7:47  Marine  
  92  7:49  SCV  
  92  7:50  SCV  
  93  7:51  Medivac  
  93  7:55  Supply Depot  
  93  7:56  Widow Mine  
  96  8:02  Marine  
  96  8:04  Medivac  
  95  8:07  Marine x2  
  95  8:09  Marine  
  94  8:20  Marine  
  94  8:21  SCV, Medivac  
  94  8:25  Marauder, Marine  
  101  8:27  Marine  
  101  8:30  Barracks  
  101  8:32  Barracks  
  101  8:33  Widow Mine  
  104  8:35  Widow Mine  
  104  8:37  SCV  
  104  8:39  Marine  
  108  8:42  Marine  
  108  8:44  SCV  
  104  8:49  Marine  
  104  8:52  Marine  
  104  8:54  Widow Mine  
  98  8:55  SCV  
  98  8:56  Marine  
  98  9:00  Marine  
  98  9:01  Orbital Command  
  93  9:10  Marine  
  101  9:19  Barracks Tech Lab x2  
Show
View Real Time Build Order
Export as new Build Order

sebesdes Protoss 

Build Orders: 1 Gate Expand, Blink Stalkers 

Get SALT Encoding   

  12  0:00  Probe  
  13  0:12  Probe  
  14  0:16  Pylon  
  14  0:23  Probe  
  15  0:31  Probe  
  16  0:36  Gateway  
  16  0:39  Probe  
  16  0:46  Assimilator  
  17  0:51  Probe  
  18  1:03  Probe  
  19  1:15  Probe  
  20  1:23  Cybernetics Core  
  20  1:32  Nexus  
  20  1:35  Probe  
  21  1:41  Pylon  
  22  1:47  Probe  
  22  1:50  Assimilator, Adept  
  22  1:59  Probe  
  25  2:02  Warp Gate  
  25  2:11  Probe  
  26  2:20  Probe, Twilight Council  
  26  2:24  Adept  
  26  2:28  Probe  
  29  2:36  Blink  
  30  2:37  Probe  
  30  2:40  Probe  
  31  2:49  Probe x2  
  34  2:58  Stalker  
  34  3:01  Probe x2  
  38  3:13  Probe  
  38  3:15  Gateway  
  38  3:16  Probe  
  40  3:25  Probe  
  40  3:31  Gateway  
  40  3:33  Robotics Facility  
  38  3:35  Shield Battery  
  38  3:36  Pylon  
  38  3:38  Probe  
  38  3:39  Probe  
  40  3:46  Assimilator  
  40  3:50  Probe  
  40  3:51  Probe  
  42  4:02  Probe  
  42  4:05  Probe  
  43  4:10  Stalker x2  
  43  4:14  Probe  
  48  4:17  Probe  
  48  4:19  Observer  
  48  4:24  Pylon  
  50  4:26  Probe  
  50  4:28  Pylon  
  50  4:29  Stalker  
  53  4:32  Probe  
  54  4:41  Warp Prism  
  54  4:45  Pylon, Stalker x2  
  60  4:52  Stalker  
  62  4:57  Nexus  
  63  5:07  Probe  
  63  5:09  Stalker x2  
  63  5:12  Probe  
  68  5:16  Observer  
  68  5:18  Pylon  
  68  5:19  Probe  
  63  5:24  Probe  
  64  5:31  Probe  
  65  5:36  Probe  
  66  5:43  Probe  
  66  5:48  Probe  
  68  5:51  Forge  
  68  5:52  Stalker x3  
  68  5:55  Probe  
  75  6:00  Probe  
  76  6:07  Probe  
  71  6:12  Probe  
  71  6:13  Probe  
  71  6:16  Protoss Ground Weapons Level 1, Stalker x3  
  71  6:18  Charge  
  79  6:19  Probe  
  79  6:21  Gateway  
  79  6:24  Probe  
  81  6:25  Probe  
  81  6:29  Probe  
  71  6:33  Probe  
  71  6:34  Probe  
  71  6:37  Probe  
  73  6:41  Probe, Stalker x3  
  73  6:42  Probe  
  73  6:46  Probe  
  82  6:51  Probe  
  82  6:52  Probe  
  80  6:58  Probe  
  77  7:01  Probe  
  77  7:03  Probe  
  77  7:04  Stalker x2  
  78  7:09  Probe  
  78  7:10  Probe  
  78  7:15  Probe  
  80  7:18  Probe  
  80  7:22  Probe  
  78  7:27  Probe  
  79  7:30  Stalker x4  
  79  7:32  Probe  
  79  7:34  Gateway  
  79  7:36  Gateway  
  88  7:38  Probe  
  87  7:45  Probe  
  87  7:46  Probe  
  87  7:48  Probe  
  89  7:55  Sentry, Zealot x3  
  89  7:56  Probe  
  89  7:58  Probe  
  88  8:05  Probe  
  90  8:07  Pylon  
  90  8:08  Observer  
  90  8:10  Probe x2  
  92  8:17  Probe  
  92  8:18  Zealot x4  
  101  8:25  Probe x2  
  103  8:29  Probe  
  103  8:31  Observer, Pylon  
  103  8:33  Zealot x2  
  109  8:34  Observer  
  109  8:44  Probe x2  
  109  8:45  Probe  
  95  8:55  Zealot x3  
  87  8:56  Probe x2  
  87  9:01  Zealot x3  
  94  9:03  Probe  
  88  9:17  Stalker x3  
Tags
 
Add a new tag
Caveats
  • Supply blocks, unpowered buildings, or Contaminate may cause inaccurate times.
  • Supply counts are checked every 10 seconds.